 Dungeon Crawl Stone Soup version 0.30.1-11-g7821555f0a (webtiles) character file.

Game seed: 9367836189428051400

902 logalleon the Covered (level 8, -8/49 HPs)
             Began as a Gargoyle Fighter on Dec 29, 2023.
             Mangled by a two-headed ogre
             ... wielding a +0 giant club
              (10 damage)
             ... on level 5 of the Dungeon.
             The game lasted 00:22:41 (3180 turns).

logalleon the Covered (Gargoyle Fighter)            Turns: 3180, Time: 00:22:41

Health: -8/49      AC: 13    Str: 24    XL:     8   Next: 7%
Magic:  8/8        EV: 10    Int: 10    God:
Gold:   133        SH:  5    Dex: 11    Spells: 7/7 levels left

rFire   + + .        x - +6 mace "Olegune" {holy, Drain rF++ Dex+2 Stlth+}
rCold   + . .        c - +0 buckler
rNeg    + . .        b - +0 scale mail
rPois   ∞            (no helmet)
rElec   +            (no cloak)
rCorr   .            (no gloves)
SInv    .            (no boots)
Will    .....        (no amulet)
Stlth   ++           g - ring of the Ego {rC+ Str+3 Slay+2 Stlth+}
HPRegen 0.28/turn    s - ring of flight
MPRegen 0.11/turn

%: no passive effects
@: flying
A: sickness immunity, AC +5, negative energy resistance 1, electricity
resistance, torment resistance 1, petrification resistance
a: no special abilities


You were on level 5 of the Dungeon.
You visited 2 branches of the dungeon, and saw 7 of its levels.

You collected 133 gold pieces.

Inventory:

Hand Weapons
 a - a +0 flail
 e - a +1 dagger of venom
 x - the +6 mace "Olegune" (weapon) {holy, Drain rF++ Dex+2 Stlth+}
   (You found it on level 5 of the Dungeon)

   Dex:       It affects your dexterity (+2).
   rF:        It greatly protects you from fire.
   Drain:     It drains your maximum health when unequipped.
   Stlth:     It makes you more stealthy.
Armour
 b - a +0 scale mail (worn)
 c - a +0 buckler (worn)
Magical Staves
 t - a staff of conjuration
Jewellery
 g - the ring of the Ego (left hand) {rC+ Str+3 Slay+2 Stlth+}
   (You found it on level 2 of the Dungeon)

   [ring of protection from cold]

   Str:       It affects your strength (+3).
   Slay:      It affects your accuracy & damage with ranged weapons and melee
   (+2).
   rC:        It protects you from cold.
   Stlth:     It makes you more stealthy.
 s - a ring of flight (right hand)
Scrolls
 i - a scroll of poison {unknown}
 j - a scroll of silence {unknown}
 o - a scroll of fog {unknown}
 r - a scroll of teleportation {unknown}
 u - a scroll of fear
 w - a scroll of magic mapping {unknown}
 y - 2 scrolls of identify {unknown}
Potions
 d - a potion of might
 f - a potion of cancellation
 h - a potion of brilliance {unknown}
 l - a potion of haste {unknown}
 m - a potion of mutation {unknown}
 n - a potion of curing {unknown}
 p - a potion of lignification {unknown}
 q - a potion of magic {unknown}
 v - a potion of degeneration {unknown}
 z - a potion of berserk rage {unknown}


   Skills:
 + Level 5.0 Fighting
 + Level 3.2 Short Blades
 + Level 3.4 Maces & Flails
 + Level 6.1 Armour
 + Level 2.4 Dodging
 + Level 0.4 Stealth
 + Level 4.6 Shields


You had 7 spell levels left.
You didn't know any spells.
Your spell library was empty.

Dungeon Overview and Level Annotations

Branches:
Dungeon (6/15)             Temple (1/1) D:4

Altars:
Dithmenos
Elyvilon
Gozag
Kikubaaqudgha
Makhleb
Nemelex Xobeh
Okawaru
Qazlal
Trog
Uskayaw
Vehumet
Yredelemnul
Zin

Shops:
D:5 =


Innate Abilities, Weirdness & Mutations

You are immune to sickness and miasma.
Your stone body is resilient. (AC +5)
You are immune to poison.
You resist negative energy. (rN+)
You are resistant to electric shocks. (rElec)
You are resistant to unholy torment.
You are immune to petrification.


Message History

Anything else - Cancel.
Okay, then.
As you read the scroll labelled ENAVEM WAIPURA, it crumbles to dust.
You hear a loud clanging noise!
It was a scroll of noise.
You hear a shout! x3; You hear an angry growl.
You hear a shout!
You hear a loud, deep croak!
You hear a shout! x4
An orc comes into view. It is wielding a +0 falchion.
An orc comes into view. It is wielding a +0 mace.
An orc comes into view. It is wielding a +0 flail.
The orc moves out of view.
You hit the orc.
The orc is severely wounded.
The orc hits you but does no damage.
You hit the orc.
The orc is almost dead.
The orc closely misses you.
An orc comes into view. It is wielding a +0 falchion.
You thump the orc!
You kill the orc!
A black bear comes into view.
The black bear growls angrily.
The orc hits you with a +0 flail.
The two-headed ogre hits you with a +0 giant club!
The two-headed ogre hits you with a +0 giant club!!
* * * LOW HITPOINT WARNING * * *
A scorpion comes into view.
The orc hits you but does no damage. The two-headed ogre barely misses you.
The two-headed ogre hits you with a +0 giant club!
* * * LOW HITPOINT WARNING * * *
There is a stone staircase leading up here.
You block the orc's attack. The orc hits you but does no damage.
You fly upwards.
There is a stone staircase leading down here.
The orc attacks as you move away! The orc hits you but does no damage.
The orc hits you with a +0 falchion.
* * * LOW HITPOINT WARNING * * *
The two-headed ogre attacks as you move away!
The two-headed ogre hits you with a +0 giant club!
You die...

#.........##..........
#....####.............
########....##...#........##.
#......###.##....#..#####.##.
##.#.### #.....###..#........
#.#.# #................#.#
#.#.# #.....###..#........
#.#.#####>o#..###..#.......#
##.#.#.....o@................
#......###.O#..##...........#
####........#................
#...##.#....##..####.###.#
#...######.........#.# #.#
#...........##.#####.# #..
#####.#.................# #.#
#.............#...#####.# #.#
#######.########...# #.###.#


You could see a two-headed ogre and 2 orcs.

Vanquished Creatures
  A sky beast (D:4)
  A black bear (D:4)
  An orc warrior (D:5)
  An ogre (D:5)
  3 phantoms
  A bullfrog (D:5)
  An orc priest (D:5)
  2 iguanas
  An orc wizard (D:5)
  A sleepcap (D:5)
  4 adders
  A shadow imp (D:5)
  An ufetubus (D:3)
  A worm (D:3)
  15 orcs
  An endoplasm (D:4)
  2 giant cockroaches (D:3)
  5 goblins
  9 hobgoblins
  4 jackals (D:1)
  2 quokkas
  4 ball pythons
  2 frilled lizards
  3 kobolds
  2 rats (D:3)
69 creatures vanquished.

Notes
Turn   | Place    | Note
-------+----------+-------------------------------------------
     0 | D:1      | logalleon the Gargoyle Fighter began the quest for the Orb.
     0 | D:1      | Reached XP level 1. HP: 14/14 MP: 1/1
    80 | D:1      | Reached XP level 2. HP: 16/19 MP: 2/2
   100 | D:1      | You fall into a shaft and drop 1 floor!
   198 | D:2      | Identified the ring of the Ego {rC+ Str+3 Slay+2 Stlth+}
   243 | D:2      | Reached XP level 3. HP: 23/23 MP: 3/3
   361 | D:3      | Noticed a phantom
   390 | D:3      | Killed a phantom
   391 | D:3      | Reached skill level 4 in Armour
   391 | D:3      | Reached XP level 4. HP: 22/29 MP: 4/4
   472 | D:3      | Reached XP level 5. HP: 32/33 MP: 5/5
   518 | D:3      | Reached skill level 1 in Short Blades
  1203 | D:4      | Found a staircase to the Ecumenical Temple.
  1254 | D:4      | Reached skill level 1 in Dodging
  1350 | Temple   | Entered the Ecumenical Temple
  1639 | D:4      | Noticed a black bear
  1651 | D:4      | Killed a black bear
  1652 | D:4      | Reached XP level 6. HP: 18/38 MP: 6/6
  1749 | D:4      | Noticed a sky beast
  1772 | D:4      | Killed a sky beast
  1957 | D:5      | Entered Level 5 of the Dungeon
  1957 | D:5      | Found Pogudef's Jewellery Shoppe.
  1960 | D:5      | Noticed an orc warrior
  2090 | D:5      | Killed an orc warrior
  2091 | D:5      | Reached skill level 5 in Armour
  2091 | D:5      | Reached XP level 7. HP: 38/44 MP: 7/7
  2161 | D:5      | Identified the +6 mace "Olegune" {holy, Drain rF++ Dex+2
                  | Stlth+}
  2457 | D:5      | Found a shadowy altar of Dithmenos.
  2641 | D:5      | Found an iron altar of Okawaru.
  2834 | D:5      | Reached skill level 5 in Fighting
  2834 | D:5      | Reached skill level 6 in Armour
  2834 | D:5      | Reached XP level 8. HP: 49/49 MP: 8/8
  3167 | D:6      | Noticed a two-headed ogre
  3179 | D:5      | HP: 2/49 [orc/+0 falchion (2)]
  3180 | D:5      | Mangled by a two-headed ogre

Illustrated notes

Levels and vault maps discovered:
D:1:      lightli_arrival_statuegarden, layout_loops_ring,
          shapermc_ecumenical_altar_gd
D:2:      layout_basic, minmay_joined_circles, uniq_robin
D:3:      layout_basic
D:4:      layout_loops_ring, minmay_temple_entry_ruins, serial_shops, shop
D:5:      layout_basic, nicolae_dithmenos_shadow_blocks,
          mainiacjoe_overflow_boulevard, minmay_shop_enchanted_jewellery,
          kennysheep_opposing_triangles
D:6:      layout_rooms, doesnt_xom_only_xom, nicolae_wu_jian_glorious_leap,
          nicolae_tso_swordbearing_angel
Temple:   minmay_temple_forest_path

Skill      XL: |  1  2  3  4  5  6  7 |
---------------+----------------------+-----
Fighting       | 4 5 |  5.0
Armour         | 4 5 6 |  6.1
Shields        | 4 |  4.6
Short Blades   | 2 3 |  3.2
Dodging        | 1 2 |  2.4
Maces & Flails | 3 |  3.4
Stealth        | |  0.4

Action                     |  1- 3 |  4- 6 |  7- 9 || total
---------------------------+-------+-------+-------++-------
  Melee: Flail             |    53 |       |       ||    53
         Dagger            |    40 |   141 |    15 ||   196
         Mace              |       |       |    34 ||    34
    Use: Potion            |     1 |     3 |     1 ||     5
         Scroll            |       |     1 |     2 ||     3
 Armour: Scale mail        |    47 |    54 |    30 ||   131
  Dodge: Dodged            |    37 |    71 |    14 ||   122
  Block: Buckler           |    15 |    33 |     9 ||    57
